 Dungeon Crawl Stone Soup version 0.29-a0-284-gf9362112df (webtiles) character file.

Game seed: 3568926086407818421

208 cojito the Magician (level 5, 0/39 HPs)
             Began as a Palentonga Hedge Wizard on Mar 31, 2022.
             Was a Follower of Ashenzari.
             Succumbed to an orc wizard's poison
             ... on level 3 of the Dungeon.
             The game lasted 00:08:14 (3314 turns).

cojito the Magician (Palentonga Hedge Wizard)       Turns: 3314, Time: 00:08:15

Health: 0/39       AC:  4    Str: 13    XL:     5   Next: 55%
Magic:  8/11       EV: 10    Int: 16    God:    Ashenzari [*.....]
Gold:   128        SH:  0    Dex: 10    Spells: 4/12 levels left

rFire   . . .      SeeInvis +   a - +1 short sword of the Bound Henotheism {venom, Cun, Evo} (curse)
rCold   . . .      Faith    .   (no shield)
rNeg    . . .      Spirit   .   b - +0 robe
rPois   .          Reflect  .   c - +0 hat "At What Cost Knowledge?" {Bglg, Range} (curse)
rElec   .          Harm     .   (no cloak)
rCorr   .          Rampage  .   (no gloves)
Will    .....                   (no barding)
Stlth   ++........              (no amulet)
HPRegen 0.13/turn               (no ring)
MPRegen 0.12/turn               (no ring)

@: lethally poisoned (0 -> -30)
A: large, rugged brown scales 3, see invisible, deformed body, roll 1, armoured
tail
a: Rolling Charge, Renounce Religion, Shatter the Chains


You were on level 3 of the Dungeon.
You worshipped Ashenzari.
Ashenzari was aware of your devotion.
You visited 1 branch of the dungeon, and saw 4 of its levels.

You collected 128 gold pieces.

Inventory:

Hand Weapons
 a - the cursed +1 short sword of the Bound Henotheism (weapon) {venom, Cun, Evo}
   (You took it off a kobold on level 1 of the Dungeon)

   It poisons the flesh of those it strikes.
   It has a curse which improves the following skills: Cunning: Dodging and
   Stealth.
   Evocations: Evocations.
Missiles
 j - 2 poisoned darts (quivered)
Armour
 b - a +0 robe (worn)
 c - the cursed +0 hat "At What Cost Knowledge?" (worn) {Bglg, Range}

   It has a curse which improves the following skills: Beguiling: Conjurations,
   Hexes and Translocations.
   Ranged Combat: Slings, Bows, Crossbows and Throwing.
Scrolls
 e - 3 scrolls of teleportation
 h - 2 scrolls of blinking
 k - 2 scrolls of identify
 m - 3 scrolls of amnesia
Potions
 d - a potion of magic
 f - a potion of resistance
 g - 2 potions of flight
 l - a potion of degeneration
 n - a potion of mutation


   Skills:
 + Level 1.4 Fighting
 + Level 1.4 Short Blades
 + Level 2.3(3.1) Dodging
 - Level 1.2(1.8) Stealth
 + Level 4.1 Spellcasting
 + Level 2.8(3.5) Conjurations
 - Level 0.7 Summonings
 - Level 1.0(1.5) Translocations


You had 4 spell levels left.
You knew the following spells:

 Your Spells              Type           Power      Damage    Failure   Level
a - Magic Dart            Conj           56%        1d5       3%          1
b - Call Imp              Summ           5%         N/A       19%         2
c - Blink                 Tloc           16%        N/A       14%         2
d - Mephitic Cloud        Conj/Pois/Air  7%         N/A       30%         3

Your spell library contained the following spells:

 Spells                   Type           Power      Damage    Failure   Level
 Slow                     Hex            12%        N/A       16%         1
 Conjure Flame            Conj/Fire      8%         6-21      24%         3


Dungeon Overview and Level Annotations

Branches:
Dungeon (4/15)
 Temple: D:4-7

Altars:
Ashenzari

Shops:
D:1 =

Annotations:
D:2 Sigmund
D:3 2 transporters


Innate Abilities, Weirdness & Mutations

You are completely covered in rugged brown scales. (AC +3, +7% HP)
You have supernaturally acute eyesight. (SInv)
Armour fits poorly on your strangely shaped body.
You can roll at nearby foes to attack.
You have a long armoured tail.


Message History

The orc wizard is moderately wounded.
The orc wizard hits you with a +1 dagger of venom.
You are poisoned.
You hit the orc wizard but do no damage.
The orc wizard is poisoned.
The orc wizard is moderately wounded.
You feel very sick.
The orc wizard hits you with a +1 dagger of venom.
You are lethally poisoned!
You are too injured to fight recklessly!
Casting: Magic Dart (safe; 3% risk of failure)
Confirm with . or Enter, or press ? or * to list all spells.
Aiming: Magic Dart (safe; 3% risk of failure)
Press: ? - help, Shift-Dir - straight line, f - orc wizard
Aim: an orc wizard, wielding a +1 dagger of venom and wearing a +0 robe (moderately wounded, very poisoned, 100% to hit)
The magic dart hits the orc wizard.
The orc wizard is heavily wounded.
You feel very sick.
The orc wizard hits you but does no damage.
You are more poisoned.
Casting: Magic Dart (safe; 3% risk of failure)
Confirm with . or Enter, or press ? or * to list all spells.
Aiming: Magic Dart (safe; 3% risk of failure)
Press: ? - help, Shift-Dir - straight line, f/p - orc wizard
Aim: an orc wizard, wielding a +1 dagger of venom and wearing a +0 robe (severely wounded, very poisoned, 100% to hit)
The magic dart hits the orc wizard.
The orc wizard is severely wounded.
* * * LOW HITPOINT WARNING * * *
You feel very sick.
The orc wizard hits you with a +1 dagger of venom.
* * * LOW HITPOINT WARNING * * *
You are more poisoned.
Casting: Magic Dart (safe; 3% risk of failure)
Confirm with . or Enter, or press ? or * to list all spells.
Aiming: Magic Dart (safe; 3% risk of failure)
Press: ? - help, Shift-Dir - straight line, f/p - orc wizard
Aim: an orc wizard, wielding a +1 dagger of venom and wearing a +0 robe (severely wounded, very poisoned, 100% to hit)
The magic dart hits the orc wizard.
The orc wizard is almost dead.
You die...

#. #............#
..#..#............#
##'..'............#
+.#..#............#
#.#..#.......<....#
#.+##+............# #..
#.#..#.......)....# #.#
+.#†.#............# ...
+###+###@..'............>
#.##
#......o#..#####...######
###..# #.......#..# #...#
..#.. #'###'###+### #...#
#.#.##...#....#
###...######
#.#<............
#...>.......
#...#...#.....###
#...........
#...#...#...o)#
#........... #..##
.##....# #...........


You could see an orc wizard (very poisoned).

Vanquished Creatures
  Jessica (D:2)
  Natasha (twice) (D:2)
  3 gnolls (D:3)
  3 adders
  A worm (D:2)
  3 orcs (D:3)
  6 ball pythons
  7 bats
  3 endoplasms
  2 giant cockroaches (D:3)
  3 goblins
  5 hobgoblins
  A quokka (D:1)
  7 frilled lizards
  2 kobolds
  4 rats
53 creatures vanquished.

Vanquished Creatures (collateral kills)
  Natasha (D:2)
1 creature vanquished.

Grand Total: 54 creatures vanquished

Notes
Turn   | Place    | Note
-------+----------+-------------------------------------------
     0 | D:1      | cojito the Palentonga Hedge Wizard began the quest for the
                  | Orb.
     0 | D:1      | Reached XP level 1. HP: 13/13 MP: 4/4
    55 | D:1      | Reached skill level 1 in Conjurations
   115 | D:1      | Found a faded altar of an unknown god.
   209 | D:1      | Prayed at the altar of an unknown god.
   209 | D:1      | Became a worshipper of Ashenzari the Shackled
   245 | D:1      | Reached XP level 2. HP: 16/20 MP: 1/6
   887 | D:1      | Found Dopacakh's Jewellery Shoppe.
  1003 | D:1      | Learned a level 2 spell: Call Imp
  1006 | D:1      | Learned a level 2 spell: Blink
  1310 | D:2      | Noticed Natasha
  1321 | D:2      | Killed Natasha
  1322 | D:2      | Reached XP level 3. HP: 25/25 MP: 6/8
  1578 | D:2      | Noticed Sigmund
  1863 | D:2      | Noticed Jessica
  1883 | D:2      | Killed Jessica
  1884 | D:2      | Reached XP level 4. HP: 33/33 MP: 2/9
  1997 | D:2      | Noticed Natasha
  2016 | D:2      | Killed Natasha
  2193 | D:2      | Reached * piety under Ashenzari
  2277 | D:2      | Noticed Natasha
  2291 | D:2      | Killed Natasha
  2292 | D:2      | Reached skill level 1 in Fighting
  2292 | D:2      | Reached skill level 1 in Short Blades
  2292 | D:2      | Reached XP level 5. HP: 19/39 MP: 5/10
  2619 | D:3      | Reached skill level 4 in Spellcasting
  2639 | D:3      | Learned a level 3 spell: Mephitic Cloud
  2698 | D:3      | Found a transporter.
  2715 | D:3      | Found a transporter.
  2961 | D:2      | HP: 1/39 [orc/boomerang (6)]
  3314 | D:3      | Succumbed to an orc wizard's poison

Illustrated notes

Levels and vault maps discovered:
D:1:      minmay_arrival_loop, layout_basic, basic_ecumenical_altar,
          serial_shops, nicolae_shop_waterfront, hangedman_decor_clover_reticule
D:2:      layout_basic, uniq_natasha, uniq_jessica, uniq_sigmund
D:3:      gammafunk_steamed_eel, layout_basic, mainiacjoe_overflow_catwalk,
          mainiacjoe_overflow_24_doors, portal_sewer_entry_e, serial_shops,
          nicolae_shop_bloodbath_and_beyond
D:4:      layout_basic, mainiacjoe_overflow_catch_the_wave

Skill      XL: |  1  2  3  4  5 |
---------------+----------------+-----
Conjurations   | 1 2 |  2.8
Dodging        | 2 |  2.3
Fighting       | 1 |  1.4
Short Blades   | 1 |  1.4
Spellcasting   | 4 |  4.1
Stealth        | |  1.2
Summonings     | |  0.7
Translocations | |  1.0

Action                   |  1- 3 |  4- 6 || total
-------------------------+-------+-------++-------
Melee: Dagger            |     7 |       ||     7
       Short sword       |    16 |    39 ||    55
       Tailslap          |     3 |     3 ||     6
Throw: Javelin           |     5 |     4 ||     9
 Cast: Magic Dart        |    58 |    31 ||    89
       Call Imp          |     2 |     4 ||     6
       Blink             |       |     2 ||     2
Invok: Curse Item        |     1 |     1 ||     2
  Use: Scroll            |       |     1 ||     1
 Stab: Sleeping          |       |     1 ||     1
Armor: Robe              |     5 |    14 ||    19
Dodge: Dodged            |    18 |    24 ||    42

Table legend: (Time is in decaauts)
 A = Elapsed time spent in this place.
 B = Non-inter-level travel time spent in this place.
 C = Inter-level travel time spent in this place.
 D = Time resting spent in this place.
 E = Time spent auto-exploring this place.
 F = Levels seen in this place.
 G = Mean time per level.
                   A        B        C        D        E       F      G
               +--------+--------+--------+--------+--------+-----+--------+
         Total |   3324 |   3287 |     37 |    643 |   2001 |   4 |  831.0 |
       Dungeon |   3324 |   3287 |     37 |    643 |   2001 |   4 |  831.0 |
               +--------+--------+--------+--------+--------+-----+--------+

Top non-repeatable levels by time:
     D:2: 1829 daAuts
     D:1: 1009 daAuts
     D:3: 483 daAuts
     D:4: 1 daAuts
